 Dungeon Crawl Stone Soup version 0.30-a0-424-g7412bad402 (webtiles) character file.

Game seed: 10971378621900768452

4 Kuronicle the Chucker (level 1, -1/14 HPs)
             Began as a Ghoul Wanderer on Dec 10, 2022.
             Slain by a hobgoblin (2 damage)
             ... on level 1 of the Dungeon.
             The game lasted 00:02:13 (156 turns).

Kuronicle the Chucker (Ghoul Wanderer)               Turns: 156, Time: 00:02:13

Health: -1/14      AC:  3    Str: 16    XL:     1   Next: 60%
Magic:  2/2        EV: 11    Int:  8    God:
Gold:   9          SH:  0    Dex:  6    Spells: 2/3 levels left

rFire   . . .      SeeInvis .    a - +0 spear
rCold   + . .      Faith    .    (no shield)
rNeg    + + +      Spirit   .    e - +0 leather armour
rPois   ∞          Reflect  .    (no helmet)
rElec   .          Harm     .    (no cloak)
rCorr   .          Rampage  .    (no gloves)
Will    .....                    (no boots)
Stlth   +.........               (no amulet)
HPRegen 0.00/turn                (no ring)
MPRegen 0.08/turn                (no ring)

@: inhibited regen
A: claws 1, cold resistance 1, negative energy resistance 3, inhibited
regeneration, torment resistance 2, devour on kill
a: no special abilities


You were on level 1 of the Dungeon.
You visited 1 branch of the dungeon, and saw 1 of its levels.

You collected 9 gold pieces.

Inventory:

Hand Weapons
 a - a +0 spear (weapon)
 c - a +0 dagger
Missiles
 b - 10 poisoned darts
Armour
 e - a +0 leather armour (worn)
Potions
 d - a potion of might


   Skills:
 + Level 2.8 Polearms
 + Level 3.7 Throwing
 + Level 1.7 Spellcasting


You had 2 spell levels left.
You knew the following spells:

 Your Spells              Type           Power      Damage    Failure   Level
a - Freeze                Ice            0%         1d3       41%         1

Your spell library contained the following spells:

 Spells                   Type           Power      Damage    Failure   Level
 Scorch                   Fire           0%         2d5       56%         2
 Inner Flame              Hex/Fire       0%         N/A       80%         3
 Summon Guardian Golem    Hex/Summ       0%         N/A       80%         3


Dungeon Overview and Level Annotations

Branches:
Dungeon (1/15)

Altars:


Innate Abilities, Weirdness & Mutations

You are immune to poison.
You have sharp fingernails.
Your flesh is cold resistant. (rC+)
You are immune to negative energy. (rN+++)
You do not regenerate when monsters are visible.
You are immune to unholy pain and torment.
You thrive by killing the living.


Message History

A hobgoblin comes into view.
The hobgoblin moves out of view.
Found a cloak.
You barely miss the goblin. The goblin closely misses you.
You barely miss the goblin. The goblin hits you with a +0 dagger.
A giant cockroach comes into view.
You barely miss the goblin. The goblin hits you but does no damage.
You closely miss the goblin. The goblin barely misses you.
A giant cockroach comes into view.
You hit the goblin but do no damage. The hobgoblin closely misses you.
The goblin hits you with a +0 dagger.
You hit the goblin.
You kill the goblin!
You feel better.
The hobgoblin hits you but does no damage.
The giant cockroach waves its antennae.
You hit the hobgoblin.
The hobgoblin is moderately wounded.
You hit the hobgoblin.
The hobgoblin is heavily wounded.
The hobgoblin hits you but does no damage.
The hobgoblin hits you.
You barely miss the hobgoblin.
The hobgoblin is heavily wounded.
The hobgoblin closely misses you. x2
You barely miss the hobgoblin.
The hobgoblin is heavily wounded.
The hobgoblin hits you. The hobgoblin barely misses you.
You closely miss the hobgoblin.
The hobgoblin is heavily wounded.
The hobgoblin misses you. x2
You barely miss the hobgoblin.
The hobgoblin is heavily wounded.
The hobgoblin hits you but does no damage.
The hobgoblin hits you.
* * * LOW HITPOINT WARNING * * *
You barely miss the hobgoblin.
The hobgoblin is heavily wounded.
The hobgoblin hits you.
You die...

...........#####.#
[...........#...#.# #.#
..........#.#..###.#.#
........# #...## ##.##
....... #..#.###.#.##
#...... ##.###.#.#.#.#
.......###..# ##.#.<.#.#
.....Bgg.#..###.#.#.#.#.
#@.....#.###.#.##
##......# ##.##
#.......# #.# #........#
#.# #.........# #.#
...###....# .# ....#
..... # .....# ....#


You could see a giant cockroach and 2 hobgoblins.

Vanquished Creatures
  2 goblins (D:1)
  2 ball pythons (D:1)
4 creatures vanquished.

Notes
Turn   | Place    | Note
-------+----------+-------------------------------------------
     0 | D:1      | Kuronicle the Ghoul Wanderer began the quest for the Orb.
     0 | D:1      | Kuronicle set off with the following items: a +0 spear, 10
                  | poisoned darts, a +0 dagger, a potion of might, a +0
                  | leather armour; and the following spell memorised: Freeze;
                  | and the following spells available to memorise: Scorch,
                  | Inner Flame, Summon Guardian Golem.
     0 | D:1      | Reached XP level 1. HP: 14/14 MP: 2/2
   156 | D:1      | Slain by a hobgoblin

Illustrated notes

Levels and vault maps discovered:
D:1:      minmay_arrival_diagonal_passages, layout_rooms,
          chequers_serial_rivers_micro_b, minmay_misc_feat_iff,
          chequers_serial_rivers_micro_c, st_stairs_1, minivault_27,
          minmay_lizard_pond

Action                   || total
-------------------------++-------
Melee: Spear             ||    18
Armor: Leather armour    ||     4
Dodge: Dodged            ||    13

Table legend: (Time is in decaauts)
 A = Elapsed time spent in this place.
 B = Non-inter-level travel time spent in this place.
 C = Inter-level travel time spent in this place.
 D = Time resting spent in this place.
 E = Time spent auto-exploring this place.
 F = Levels seen in this place.
 G = Mean time per level.
                   A        B        C        D        E       F      G
               +--------+--------+--------+--------+--------+-----+--------+
         Total |    155 |    155 |      0 |    100 |      7 |   1 |  155.0 |
       Dungeon |    155 |    155 |      0 |    100 |      7 |   1 |  155.0 |
               +--------+--------+--------+--------+--------+-----+--------+

Top non-repeatable levels by time:
     D:1: 155 daAuts
